 Dungeon Crawl Stone Soup version 0.26-a0-683-g5206c1d7ac (webtiles) character file.

Game seed: 4101103582731215088

3669 Ijustatesigmund the Covert (level 9, -7/47 (48) HPs)
             Began as a Spriggan Delver on Oct 22, 2020.
             Was a Believer of Okawaru.
             Killed by drain life
             ... invoked by a soul eater
             ... summoned by a kobold demonologist
              (15 damage)
             ... on level 9 of the Dungeon.
             The game lasted 00:23:24 (8695 turns).

Ijustatesigmund the Covert (Spriggan Delver)        Turns: 8695, Time: 00:23:25

HP:   -7/47 (48)    AC:  4    Str:  9    XL:     9   Next: 89%
MP:   13/13         EV: 29    Int: 14    God:    Okawaru [**....]
Gold: 502           SH:  0    Dex: 25    Spells: 8/8 levels left

rFire    + . .     SeeInvis +   a - +1 short sword
rCold    . . .     Faith    .   (shield restricted)
rNeg     . . .     Spirit   .   b - +0 robe
rPois    .         Reflect  .   (helmet restricted)
rElec    .         Harm     .   t - +0 cloak
rCorr    .         Rampage  .   (gloves unavailable)
MR       +....                  (boots unavailable)
Stlth    +++++.....             l - amulet of regeneration
HPRegen  0.55/turn              y - +6 ring of dexterity
MPRegen  0.13/turn              p - ring of protection from fire

@: very quick
A: very small, unfitting armour, see invisible, clever 1, speed 3, shaggy fur 1
a: Heroism, Renounce Religion


You were on level 9 of the Dungeon.
You worshipped Okawaru.
Okawaru was pleased with you.
You visited 2 branches of the dungeon, and saw 11 of its levels.

You collected 532 gold pieces.
You spent 30 gold pieces at shops.

Inventory:

Hand Weapons
 a - a +1 short sword (weapon)
 B - a +0 dagger of speed
Missiles
 k - 81 sling bullets
 A - 6 poisoned darts
 D - 4 datura-tipped darts (quivered)
Armour
 b - a +0 robe (worn)
 t - a +0 cloak (worn)
Jewellery
 j - an uncursed ring of protection from magic
 l - an amulet of regeneration (around neck)
 p - a ring of protection from fire (right hand)
 y - a +6 ring of dexterity (left hand)
Wands
 g - a wand of digging (3)
 q - a wand of polymorph (11)
 z - a wand of iceblast (9)
 E - a wand of paralysis (7)
 G - a wand of acid (9)
Scrolls
 c - 2 scrolls of fog
 d - a scroll of magic mapping
 e - a scroll of fear
 m - 2 scrolls of remove curse
 u - 3 scrolls of teleportation
 v - a scroll of enchant weapon
 x - a scroll of identify
 F - a scroll of enchant armour {unknown}
Potions
 f - 3 potions of haste
 h - a potion of cancellation
 i - 4 potions of curing
 n - a potion of brilliance
 o - 2 potions of might
 r - 2 potions of flight
 s - a potion of mutation
 w - 2 potions of lignification
 C - a potion of stabbing {unknown}


   Skills:
 + Level 5.8 Fighting
 + Level 8.1 Short Blades
 - Level 2.0 Throwing
 - Level 9.9 Dodging
 - Level 10.7 Stealth
 + Level 4.8 Invocations
 + Level 4.0 Evocations


You had 8 spell levels left.
You didn't know any spells.
Your spell library contained the following spells:

 Spells                   Type           Power        Failure   Level
 Magic Dart               Conj           #...         28%         1
 Blink                    Tloc           N/A          41%         2
 Call Imp                 Summ           #.......     41%         2
 Slow                     Hex            #.......     41%         2
 Conjure Flame            Conj/Fire      #.......     65%         3
 Mephitic Cloud           Conj/Pois/Air  #.......     65%         3


Dungeon Overview and Level Annotations

Branches:
Dungeon (10/15)            Temple (1/1) D:6
   Lair: D:8-11         Orc: D:9-12

Altars:
Cheibriados
Fedhas
Makhleb
Okawaru
Uskayaw
Vehumet
Xom
Yredelemnul
The Shining One

Shops:
D:4 *

Annotations:
D:7 2 transporters


Innate Abilities, Weirdness & Mutations

You are very small and have problems with some larger weapons.
You are too small for most types of armour.
You have supernaturally acute eyesight. (SInv)
You cover ground extremely quickly.
Your mind is acute. (Int +2)
You are covered in fur. (AC +1)


Message History

You closely miss the scorpion.
The scorpion is heavily wounded.
The scorpion misses you. The white imp hits you. The white imp freezes you.
You hit the scorpion but do no damage.
The scorpion is heavily wounded.
The soul eater draws from the surrounding life force!
* * * LOW HITPOINT WARNING * * *
The scorpion stings you but does no damage.
You are too injured to fight recklessly!
You are too injured to fight recklessly!
You are too injured to fight recklessly!
You are too injured to fight recklessly!
You are too injured to fight recklessly!
You are too injured to fight recklessly!
You are too injured to fight recklessly!
Okay, then.
Press: ? - help, Dir - move target cursor
As you read the scroll of blinking, it crumbles to dust.
The soul eater draws from the surrounding life force!
You die...

# #.####..####.# #
##.# ##.## ### #o
#..###..# # ###.#
##..(....## ##.
....##.....##..##..
#..#..#####....#
#..#####....##
##..........[####
#...........@...#
###..#.........###.#
#.............##
.c####........## #
#...).K...#
#.....5...#
#....s.)....#
#.....35...#..#
#.?..##>#..##.#


You could see a soul eater (summoned), a kobold demonologist, a scorpion, a
crimson imp (summoned) and a white imp (summoned).

Vanquished Creatures
  Prince Ribbit (D:5)
  A wraith (D:8)
  A sky beast (D:8)
  3 ogres
  An orc warrior (D:9)
  A phantom (D:5)
  An ice beast (D:10)
  2 necrophages (D:8)
  2 centaurs (D:8)
  2 big kobolds (D:7)
  4 bullfrogs
  An elf skeleton (D:8)
  2 scorpions
  4 killer bees
  2 bullfrog zombies
  A centaur zombie (D:5)
  A jelly (D:7)
  3 human zombies (D:8)
  2 quasits (D:8)
  An orc priest (D:9)
  4 centaur skeletons
  3 hounds
  Crazy Yiuf (D:2)
  A bullfrog skeleton (D:4)
  4 orc wizards
  A human skeleton (D:8)
  Natasha (thrice) (D:3)
  3 iguanas
  6 worker ants
  An ogre zombie (D:8)
  An ogre skeleton (D:8)
  A hound zombie (D:9)
  A hound skeleton (D:9)
  A mummy (D:8)
  A worker ant zombie (D:9)
  2 howler monkey skeletons
  A howler monkey zombie (D:5)
  9 adders
  2 ufetubi
  2 oozes
  An adder zombie (D:6)
  2 adder skeletons
  2 worms (D:2)
  2 dart slugs
  3 leopard geckos
  9 orcs
  8 giant cockroaches
  2 gnoll zombies (D:6)
  4 goblins
  10 hobgoblins
  6 jackals
  11 kobolds
  2 quokkas
  4 ball pythons
  6 bats
  3 frilled lizards (D:2)
  A leopard gecko skeleton (D:4)
  An orc zombie (D:8)
  A quokka skeleton (D:6)
  2 rats (D:1)
164 creatures vanquished.

Vanquished Creatures (collateral kills)
  An orc warrior (D:8)
  3 killer bees (D:8)
  A centaur zombie (D:8)
  A leopard gecko zombie (D:8)
6 creatures vanquished.

Vanquished Creatures (others)
  A sky beast (D:8)
  2 orc wizards
  3 orcs
6 creatures vanquished.

Grand Total: 176 creatures vanquished

Notes
Turn   | Place    | Note
-------+----------+-------------------------------------------
     0 | D:5      | Ijustatesigmund the Spriggan Delver began the quest for the
                  | Orb.
     0 | D:5      | Reached XP level 1. HP: 11/11 MP: 2/2
    26 | D:5      | Noticed an ogre
   104 | D:5      | Found a hide-covered altar of Uskayaw.
   161 | D:5      | Reached XP level 2. HP: 10/16 MP: 3/3
   350 | D:4      | Found Seeshaiff's General Store.
   401 | D:4      | Found a blossoming altar of Fedhas.
   454 | D:4      | Bought a potion of curing for 30 gold pieces
   574 | D:4      | Found a snail-covered altar of Cheibriados.
   586 | D:3      | Reached XP level 3. HP: 13/19 MP: 2/4
  1489 | D:1      | Reached XP level 4. HP: 22/23 MP: 5/5
  2061 | D:2      | Reached skill level 8 in Stealth
  2072 | D:2      | Noticed an ice beast
  2179 | D:2      | Found a glowing golden altar of the Shining One.
  2621 | D:2      | Found a runed translucent door.
  2622 | D:2      | Noticed Crazy Yiuf
  2629 | D:2      | Killed Crazy Yiuf
  2629 | D:2      | Reached XP level 5. HP: 28/28 MP: 6/6
  2999 | D:3      | Noticed Natasha
  3003 | D:3      | Reached skill level 5 in Dodging
  3027 | D:3      | Killed Natasha
  3044 | D:3      | Noticed Natasha
  3058 | D:3      | Killed Natasha
  3088 | D:3      | Noticed Natasha
  3108 | D:3      | Killed Natasha
  3108 | D:3      | Reached XP level 6. HP: 32/32 MP: 7/7
  3777 | D:4      | Reached skill level 5 in Short Blades
  3982 | D:5      | Reached XP level 7. HP: 37/37 MP: 8/8
  4102 | D:5      | Found a shimmering altar of Xom.
  4294 | D:5      | Noticed Prince Ribbit
  4301 | D:5      | Killed Prince Ribbit
  4489 | D:6      | Reached XP level 8. HP: 42/42 MP: 9/9
  4508 | D:6      | Found a staircase to the Ecumenical Temple.
  4522 | Temple   | Entered the Ecumenical Temple
  4528 | Temple   | Became a worshipper of Warmaster Okawaru
  4601 | D:6      | Found a basalt altar of Yredelemnul.
  5251 | D:7      | Reached skill level 1 in Throwing
  5608 | D:7      | Reached * piety under Okawaru
  5608 | D:7      | Reached skill level 5 in Fighting
  5608 | D:7      | Reached skill level 9 in Stealth
  5880 | D:7      | Found a transporter.
  5885 | D:7      | Found a transporter.
  5895 | D:7      | Noticed an unseen horror
  5896 | D:7      | Found a burning altar of Makhleb.
  6010 | D:7      | Reached skill level 1 in Invocations
  6119 | D:7      | Found a radiant altar of Vehumet.
  6732 | D:8      | Reached skill level 10 in Stealth
  6732 | D:8      | Reached XP level 9. HP: 35/47 MP: 11/11
  6891 | D:8      | Reached ** piety under Okawaru
  7213 | D:8      | Gained mutation: Your mind is acute. (Int +2) [potion of
                  | mutation]
  7213 | D:8      | Gained mutation: You are covered in fur. (AC +1) [potion of
                  | mutation]
  7599 | D:8      | Reached skill level 1 in Evocations
  7626 | D:8      | Found a basalt altar of Yredelemnul.
  8535 | D:10     | Entered Level 10 of the Dungeon
  8673 | D:9      | Noticed a kobold demonologist
  8685 | D:9      | Noticed a soul eater
  8695 | D:9      | Killed from afar by a soul eater

Illustrated notes

Levels and vault maps discovered:
D:1:      dpeg_arrival_water_fire, layout_loops_corners,
          chequers_serial_rivers_room_a, solitary_fountain
D:2:      layout_loops_ring, old_standard_altar, hex_tiny, minmay_pentomino_w4,
          uniq_crazy_yiuf_cottage
D:3:      layout_basic, guppyfry_early_lair_pool, uniq_natasha
D:4:      layout_basic, kennysheep_slug_shrine, serial_shops, shop_fountains,
          fedhas_altar_2
D:5:      layout_basic, marbit_many_paths, nicolae_overflow_crystal_walls,
          uniq_prince_ribbit1
D:6:      layout_basic, lemuel_zombie_altar_yredelemnul,
          minmay_temple_entry_overgrown, minmay_misc_feat_cross
D:7:      layout_basic, gammafunk_temple_overflow_arena, fiery_altar_vehumet,
          kennysheep_generic_room_11
D:8:      wander_river, layout_loops_ring, lemuel_mausoleum_altar_yredelemnul
D:9:      layout_layer_cave, gammafunk_temple_overflow_pools, kb_rosetta,
          uniq_gastronok
D:10:     minmay_quarter_circles, layout_basic, orc_0_dummy, serial_bayou_pond_e
Temple:   dshaligram_water_room_temple

Skill      XL: |  1  2  3  4  5  6  7  8  9 |
---------------+----------------------------+-----
Dodging        | 4 5 6 7 9 |  9.9
Short Blades   | 3 4 5 6 7 8 |  8.1
Fighting       | 3 4 5 |  5.8
Stealth        | 8 10 | 10.7
Throwing       | 2 |  2.0
Invocations    | 2 4 |  4.8
Evocations     | 4 |  4.0

Action                   |  1- 3 |  4- 6 |  7- 9 || total
-------------------------+-------+-------+-------++-------
Melee: Short sword       |    67 |   230 |   649 ||   946
       Punch             |       |       |     1 ||     1
Throw: Dart              |       |       |    34 ||    34
Invok: Heroism           |       |       |     3 ||     3
Evoke: Wand              |       |       |     3 ||     3
  Use: Scroll            |       |     6 |    12 ||    18
       Potion            |       |     1 |     2 ||     3
 Stab: Sleeping          |     8 |    21 |    33 ||    62
       Distracted        |       |     2 |     2 ||     4
       Paralysed         |       |       |     2 ||     2
Armor: Robe              |     2 |    22 |    14 ||    38
Dodge: Dodged            |    50 |   188 |   540 ||   778

Table legend: (Time is in decaauts)
 A = Elapsed time spent in this place.
 B = Non-inter-level travel time spent in this place.
 C = Inter-level travel time spent in this place.
 D = Time resting spent in this place.
 E = Time spent auto-exploring this place.
 F = Levels seen in this place.
 G = Mean time per level.
                   A        B        C        D        E       F      G
               +--------+--------+--------+--------+--------+-----+--------+
         Total |   6197 |   6049 |    148 |   1282 |   2858 |  11 |  563.4 |
       Dungeon |   6188 |   6044 |    144 |   1282 |   2858 |  10 |  618.8 |
        Temple |      8 |      4 |      4 |      0 |      0 |   1 |    8.0 |
               +--------+--------+--------+--------+--------+-----+--------+

Top non-repeatable levels by time:
     D:8: 1080 daAuts
     D:7: 803 daAuts
     D:2: 721 daAuts
     D:3: 690 daAuts
     D:1: 688 daAuts
     D:6: 647 daAuts
     D:5: 540 daAuts
     D:4: 457 daAuts
     D:9: 448 daAuts
    D:10: 110 daAuts
  Temple: 8 daAuts
